 Dungeon Crawl Stone Soup version 0.30-b1-2-g02819fbbbe (webtiles) character file.

Game seed: 22267210236885836

11783 Arcadio the Nimble (level 12, -5/93 HPs)
             Began as a Djinni Fire Elementalist on May 17, 2023.
             Was an Elder of Nemelex Xobeh.
             Slain by a blink frog (8 damage)
             ... on level 1 of the Lair of Beasts.
             The game lasted 00:44:56 (18756 turns).

Arcadio the Nimble (Djinni Fire Elementalist)      Turns: 18756, Time: 00:44:57

Health: -5/93      AC:  7    Str:  5 (7)  XL:     12   Next: 12%
Gold:   579        EV: 17    Int: 27 (28) God:    Nemelex Xobeh [****..] SH:  0 Dex: 12 (14)

rFire   + + .        d - +1 rapier
rCold   x . .        (no shield)
rNeg    + . .        F - +1 robe {rN+}
rPois   ∞            D - +2 hat
rElec   .            k - +0 cloak
rCorr   .            y - +0 pair of gloves
SInv    .            (boots unavailable)
Will    +....        (no amulet)
Stlth   ++           b - +6 ring of intelligence
HPRegen 0.35/turn    (no ring)
MPRegen 0.00/turn

%: infuse magic (-6 HP)
@: animating dead, flying
A: sickness immunity, fire resistance 2, cold vulnerability 1, float, innate
caster, HP casting, extra vitality 1
a: Renounce Religion, Draw Escape, Draw Destruction, Draw Summoning, Triple
Draw, Deal Four


You were on level 1 of the Lair of Beasts.
You worshipped Nemelex Xobeh.
Nemelex Xobeh was greatly pleased with you.
You visited 4 branches of the dungeon, and saw 14 of its levels.
You also visited: Ossuary.

You collected 1047 gold pieces.
You spent 468 gold pieces at shops.

Inventory:

Hand Weapons
 d - a +1 rapier (weapon)
Armour
 k - a +0 cloak (worn)
 q - +0 acid dragon scales
 u - a +1 helmet
 y - a +0 pair of gloves (worn)
 D - a +2 hat (worn)
 F - a +1 robe of positive energy (worn)
Jewellery
 a - a ring of ice
 b - a +6 ring of intelligence (left hand)
Wands
 A - a wand of flame (10)
 E - a wand of polymorph (9)
 M - a wand of iceblast (6)
Scrolls
 c - 2 scrolls of silence
 f - a scroll of fog {unknown}
 h - a scroll of enchant weapon
 l - a scroll of noise {unknown}
 n - a scroll of brand weapon {unknown}
 p - a scroll of torment {unknown}
 v - a scroll of magic mapping
 x - a scroll of acquirement {unknown}
 z - a scroll of fear
 C - 4 scrolls of poison {unknown}
 G - a scroll of amnesia {unknown}
 L - a scroll of immolation {unknown}
 N - a scroll of enchant armour {unknown}
 O - a scroll of vulnerability {unknown}
Potions
 g - 3 potions of might
 i - 6 potions of curing
 j - 2 potions of ambrosia {unknown}
 m - 2 potions of haste
 s - a potion of berserk rage {unknown}
 t - 2 potions of brilliance {unknown}
 B - a potion of flight {unknown}
 H - a potion of attraction {unknown}
 I - 3 potions of lignification {unknown}
 J - a potion of cancellation {unknown}
 K - a potion of mutation {unknown}


   Skills:
 + Level 10.7 Fighting
 + Level 11.9 Dodging
 - Level 1.5 Stealth
 + Level 8.7 Spellcasting


You knew the following spells:

 Your Spells              Type           Power      Damage    Failure   Level
a - Foxfire               Conj/Fire      100%       2x1d9     1%          1
b - Scorch                Fire           100%       2d9       1%          2
c - Volatile Blastmotes   Fire/Tloc      100%       2d18      1%          3
d - Inner Flame           Hex/Fire       56%        N/A       1%          3
e - Flame Wave            Conj/Fire      56%        2d13      1%          4
f - Freeze                Ice            100%       1d10      1%          1
g - Blink                 Tloc           100%       N/A       1%          2
h - Lesser Beckoning      Tloc           100%       N/A       1%          2
i - Summon Guardian Gole  Hex/Summ       56%        N/A       1%          3
j - Animate Dead          Necr           56%        N/A       1%          4
Your spell library was empty.

Dungeon Overview and Level Annotations

Branches:
Dungeon (10/15) Zot: 24215  Temple (1/1) D:5 Zot: 5910    Lair (1/5) D:10 Zot: 5691
    Orc (2/2) D:10 Zot: 11294 Ossuary (visited)
    Elf: Orc:2

Altars:
Ashenzari
Cheibriados
Dithmenos
Elyvilon
Fedhas
Gozag
Hepliaklqana
Makhleb
Nemelex Xobeh
Okawaru
Qazlal
Ru
Trog
Uskayaw
Wu Jian
Xom
Yredelemnul
Zin
The Shining One

Shops:
D:7 =   D:10 [[

Portals:
Abyss: D:8

Annotations:
D:7 2 transporters
D:8 2 transporters, Thantalas's ghost, novice AtFi
D:9 1 exclusion
Lair:1 Harold
Orc:1 exclusion: oklob plant
Orc:2 Urug


Innate Abilities, Weirdness & Mutations

You are immune to sickness and miasma.
You are immune to poison.
Your flesh is very heat resistant. (rF++)
You are vulnerable to cold. (rC-)
You float through the air rather than walking.
You learn spells naturally, not from books.
Your magical power is your life essence.
You have superior vitality. (+4 MHP)


Message History

The yak's fire resistance burns away.
The blink frog hits you!
The blink frog blinks!
Your guardian golem overheats!
The yak barely misses your guardian golem.
The blink frog attacks as you move away!
The blink frog hits you! x2
You draw a card...
You have drawn the Tomb.
Walls emerge from the floor!
The blink frog misses you.
The blink frog hits you but does no damage.
You hear an explosion!
The fiery explosion engulfs the yak!
You feel a bit more experienced. x2
The yak is engulfed in blazing flames.
You hear a croak.
The blink frog attacks as you move away!
The blink frog hits you but does no damage.
The walls disappear prematurely!
The blink frog hits you but does no damage.
The blink frog blinks!
Okay, then.
You draw a card...
You have drawn the Cloud.
Clouds appear around you! The blink frog barely misses you.
A cane toad comes into view.
The blink frog hits you!
* * * LOW HITPOINT WARNING * * *
The yak gores you!
* * * LOW HITPOINT WARNING * * *
The yak gores you but does no damage.
As you read the scroll of fear, it crumbles to dust.
You assume a fearsome visage.
The yak looks frightened! x2
The blink frog resists with some effort.
The blink frog looks frightened!
The yak looks frightened!
The blink frog closely misses you.
The blink frog blinks!
The blink frog misses you.
You draw a card...
You have drawn Pain.
Press: ? - help, Shift-Dir - straight line, f - blink frog
Aim: a blink frog (black smoke)
The blink frog convulses!
The blink frog blinks!
The blink frog hits you!
You die...
Your body glows with a rainbow of weird colours and disappears.

.........##...##.....#P..P
..##.....##...##.....##..##
..##.....##...##.....#
...########...##.....#
..#######P.....#.###.#
..............####.####.
..................§...F.
..............§§§F§.....
..............Y§@F§.....
...###.#.#....§§§§§.....
..........#...YY§§§.....
.#........#....#P######.
.#........#.YYY###
..............Y#
..........#..§F##
.#..........Y...#
.#........#...9##


You could see 3 yaks and 2 blink frogs.

Vanquished Creatures
  A centaur warrior (D:9)
  A two-headed ogre (D:10)
  Pikel (D:7)
  Maggie (D:7)
  An unseen horror (D:9)
  A tengu conjurer (D:9)
  A blink frog (Lair:1)
  11 yaks
  A wyvern (D:9)
  Grum (Lair:1)
  Menkaure (Ossuary)
  A warg (D:10)
  An acid dragon (D:10)
  The ghost of arta456 the Conjurer, an amateur DECj of Gozag (D:4)
  2 water moccasins
  5 orc warriors
  A sky beast (D:6)
  3 ogres
  2 ice beasts
  3 wolves (D:10)
  5 centaurs
  2 phantoms
  4 lemures (D:7)
  3 gnoll sergeants
  5 bullfrogs
  2 scorpions (D:5)
  3 wights (D:8)
  A wyvern skeleton (D:4)
  9 killer bees
  An electric eel (D:10)
  2 howler monkeys
  A crimson imp (D:5)
  5 hounds
  2 gnoll boudas
  10 orc priests
  An iguana (D:4)
  3 jellies (D:6)
  A bullfrog skeleton (D:4)
  13 orc wizards
  3 mummies (Ossuary)
  30 gnolls
  12 adders
  3 shadow imps
  An ufetubus (D:6)
  2 worms
  3 dart slugs
  43 orcs
  6 endoplasms
  A giant cockroach (D:4)
  2 gnoll zombies (Ossuary)
  7 goblins
  8 hobgoblins
  7 jackals
  A quokka (D:4)
  9 ball pythons
  4 bats
  5 frilled lizards
  2 gnoll skeletons (Ossuary)
  6 goblin skeletons (Ossuary)
  3 goblin zombies (Ossuary)
  3 hobgoblin skeletons (Ossuary)
  5 hobgoblin zombies (Ossuary)
  16 kobolds
  9 kobold zombies (Ossuary)
  9 orc skeletons (Ossuary)
  3 orc zombies (Ossuary)
  8 rats
  5 rat skeletons (Ossuary)
  3 rat zombies (Ossuary)
332 creatures vanquished.

Vanquished Creatures (collateral kills)
  Joseph (D:9)
  A kobold brigand (D:9)
  A killer bee (D:9)
  A gnoll (D:6)
  2 kobolds (D:9)
  3 foxfires
9 creatures vanquished.

Vanquished Creatures (others)
  A hydra (D:9)
  An orc knight (Orc:1)
  A blink frog (Lair:1)
  A yak (Lair:1)
  2 gnoll sergeants (D:6)
  3 killer bee zombies (D:9)
  3 gnolls
  A kobold zombie (D:9)
  2 orc zombies (Orc:1)
  380 foxfires
  A fungus (Lair:1)
  8 plants
404 creatures vanquished.

Grand Total: 745 creatures vanquished

Notes
Turn   | Place    | Note
-------+----------+-------------------------------------------
     0 | D:1      | Arcadio the Djinni Fire Elementalist began the quest for
                  | the Orb.
     0 | D:1      | Arcadio set off with the following spells memorised:
                  | Foxfire, Scorch, Volatile Blastmotes, Inner Flame, Flame
                  | Wave.
     0 | D:1      | Reached XP level 1. HP: 15/15 MP: 0/0
   135 | D:1      | Reached XP level 2. HP: 13/22 MP: 0/0
   464 | D:1      | Reached skill level 1 in Fighting
   644 | D:1      | Reached XP level 3. HP: 27/27 MP: 0/0
   644 | D:1      | Learned a level 1 spell: Freeze
  1014 | D:2      | Reached skill level 3 in Dodging
  1171 | D:2      | Reached XP level 4. HP: 31/32 MP: 0/0
  1711 | D:3      | Found a sparkling altar of Nemelex Xobeh.
  1914 | D:3      | Found a sacrificial altar of Ru.
  2010 | D:3      | Found a blossoming altar of Fedhas.
  2161 | D:3      | Reached XP level 5. HP: 37/38 MP: 0/0
  2161 | D:3      | Learned a level 2 spell: Blink
  2612 | D:4      | Reached skill level 4 in Dodging
  2615 | D:3      | Reached XP level 6. HP: 9/45 MP: 0/0
  2926 | D:3      | Became a worshipper of Nemelex Xobeh the Trickster
  3618 | D:4      | Reached XP level 7. HP: 15/50 MP: 0/0
  3618 | D:4      | Learned a level 2 spell: Lesser Beckoning
  3766 | D:4      | Found a bloodstained altar of Trog.
  3845 | D:4      | Found a runed translucent gate.
  3846 | D:4      | Found a runed translucent gate.
  3846 | D:4      | Found a runed translucent gate.
  3851 | D:4      | Noticed arta456's ghost (amateur DECj)
  4177 | D:4      | Killed arta456's ghost
  4178 | D:4      | Reached skill level 5 in Dodging
  4366 | D:5      | Entered Level 5 of the Dungeon
  4444 | D:5      | Reached XP level 8. HP: 54/58 MP: 0/0
  4686 | D:5      | Reached skill level 5 in Fighting
  4686 | D:5      | Reached skill level 6 in Dodging
  4758 | D:5      | Found a stormy altar of Qazlal.
  6201 | D:5      | Found a burning altar of Makhleb.
  6392 | D:5      | Reached * piety under Nemelex Xobeh
  6392 | D:5      | Found a staircase to the Ecumenical Temple.
  6412 | Temple   | Entered the Ecumenical Temple
  7205 | D:6      | Reached skill level 5 in Spellcasting
  7320 | D:6      | Reached XP level 9. HP: 58/66 MP: 0/0
  7320 | D:6      | Learned a level 3 spell: Summon Guardian Golem
  7355 | D:6      | Reached skill level 7 in Dodging
  7427 | D:6      | Found a glowing golden altar of the Shining One.
  7459 | D:6      | Received a gift from Nemelex Xobeh
  8225 | D:6      | Reached skill level 8 in Dodging
  8509 | D:6      | Found a hazy altar of Hepliaklqana.
  8763 | D:7      | Found a transporter.
  8833 | D:7      | Reached ** piety under Nemelex Xobeh
  8860 | D:7      | Found a broken altar of Ashenzari.
  8991 | D:7      | Found a transporter.
  9071 | D:7      | Noticed Maggie
  9081 | D:7      | Killed Maggie
  9082 | D:7      | Reached XP level 10. HP: 44/75 MP: 0/0
  9307 | D:7      | Received a gift from Nemelex Xobeh
  9431 | D:7      | Found an iron altar of Okawaru.
  9558 | D:7      | Found Tounewkelo's Jewellery Boutique.
  9639 | D:7      | Noticed Pikel
  9640 | D:7      | Killed Pikel
  9876 | D:8      | Found a transporter.
  9909 | D:8      | Found a sand-covered staircase.
  9913 | Ossuary  | Entered an ossuary
  9981 | Ossuary  | Reached skill level 9 in Dodging
 10485 | Ossuary  | Noticed Menkaure
 10489 | Ossuary  | Killed Menkaure
 10784 | D:8      | HP: 1/77 [yak (11)]
 11017 | D:8      | Found a snail-covered altar of Cheibriados.
 11243 | D:8      | Found a transporter.
 11243 | D:8      | Found a one-way gate to the infinite horrors of the Abyss.
 11243 | D:8      | Noticed Thantalas's ghost (novice AtFi)
 11283 | D:8      | Found an opulent altar of Gozag.
 11388 | D:8      | Reached *** piety under Nemelex Xobeh
 11399 | D:8      | Received a gift from Nemelex Xobeh
 12069 | D:8      | Reached skill level 10 in Dodging
 12570 | D:9      | Received a gift from Nemelex Xobeh
 12662 | D:7      | Reached XP level 11. HP: 57/84 MP: 0/0
 12662 | D:7      | Learned a level 4 spell: Animate Dead
 13643 | D:9      | Noticed Joseph
 13689 | D:9      | Killed Joseph
 13941 | D:9      | Noticed a four-headed hydra
 13941 | D:9      | Noticed a centaur warrior
 14394 | D:9      | HP: 4/85 [centaur warrior/arrow (20)]
 14863 | D:9      | Killed a four-headed hydra
 14864 | D:9      | Reached skill level 11 in Dodging
 14954 | D:9      | Noticed a necromancer
 14966 | D:10     | Entered Level 10 of the Dungeon
 15035 | D:10     | Reached skill level 10 in Fighting
 15095 | D:10     | Found a staircase to the Orcish Mines.
 15117 | D:10     | Received a gift from Nemelex Xobeh
 15122 | D:10     | Found a snail-covered altar of Cheibriados.
 15122 | D:10     | Found Cheibriados's Comfort Zone.
 15135 | D:10     | Noticed a two-headed ogre
 15136 | D:10     | Found Duptutaj's Antique Armour Shoppe.
 15147 | D:10     | Killed a two-headed ogre
 15843 | D:7      | Bought a +6 ring of intelligence for 468 gold pieces
 15927 | D:10     | Reached **** piety under Nemelex Xobeh
 16055 | D:10     | Found a staircase to the Lair.
 16302 | D:10     | Found a white marble altar of Elyvilon.
 16388 | D:10     | Received a gift from Nemelex Xobeh
 16568 | Orc:1    | Entered Level 1 of the Orcish Mines
 16888 | Orc:1    | Noticed a wolf spider
 16888 | Orc:1    | Noticed a wolf spider
 16926 | Orc:1    | Noticed an oklob plant
 16967 | Orc:1    | Noticed an orc knight
 16979 | Orc:1    | Killed an orc knight
 17470 | Orc:2    | Entered Level 2 of the Orcish Mines
 17470 | Orc:2    | Noticed Urug
 17527 | Lair:1   | Entered Level 1 of the Lair of Beasts
 17546 | Lair:1   | Noticed Grum
 17849 | Lair:1   | Killed Grum
 17954 | Lair:1   | Received a gift from Nemelex Xobeh
 17965 | Lair:1   | Noticed Harold
 17965 | Lair:1   | Noticed a five-headed hydra
 17978 | Lair:1   | a five-headed hydra changed into something unseen
 18087 | D:10     | HP: 2/86 [something (4)]
 18363 | D:9      | Killed a centaur warrior
 18364 | D:9      | Reached XP level 12. HP: 53/93 MP: 0/0
 18754 | Lair:1   | HP: 2/93 [yak (14)]
 18756 | Lair:1   | Slain by a blink frog

Illustrated notes

Levels and vault maps discovered:
D:1:      saegor_arrival_simple_a, layout_loops_corners
D:2:      layout_rooms
D:3:      layout_loops_ring, mainiacjoe_overflow_paths, lemuel_round_altar,
          fedhas_altar_3, kennysheep_small_spiral, kennysheep_path_1,
          kennysheep_generic_room_3
D:4:      layout_loops_ring, trog_three_pillars_becter,
          gammafunk_ghost_necromancy, nicolae_figureground_sparkle
D:5:      layout_loops_ring, grunt_qazlal_sundering, makhleb_grotto_becter,
          old_standard_altar, minmay_temple_entry_mini_moons
D:6:      kennysheep_housing_project, layout_cave_pools, tso_oasis_becter,
          nicolae_hepliaklqana_hippocampus
D:7:      gammafunk_cloud_chamber, layout_basic,
          mainiacjoe_overflow_six_doors_small, okawaru_ov_weapons_minmay,
          serial_shops, nicolae_shop_rolling_square, due_unseen_surprise,
          uniq_pikel, uniq_maggie
D:8:      layout_cave_pods, grunt_gozag_statues, lemuel_crystal_altar,
          gammafunk_ghost_abyssal_escape, enter_ossuary_5,
          amcnicky_mini_corridor_feature
D:9:      minmay_shrinking_squares, layout_stronghold, serial_column_ruins,
          column_ruins_pillar_4, column_ruins_pillar_1, column_ruins_pillar_6,
          column_ruins_pillar_7, column_ruins_pillar_2, column_ruins_pillar_6,
          column_ruins_pillar_6, column_ruins_pillar_6, column_ruins_pillar_1,
          column_ruins_pillar_6, column_ruins_pillar_6, column_ruins_pillar_12,
          column_ruins_pillar_1, eino_house_with_fridge, uniq_joseph
D:10:     layout_roguey, nicolae_elyvilon_temple_path, dpeg_oklobed_lair,
          david_orc_3, serial_shops, shop, minmay_shop_chei
Temple:   nicolae_temple_two_arcs
Lair:1:   layout_regular_city, grunt_megastairs_4, uniq_sonja, uniq_harold,
          uniq_grum
Orc:1:    nicolae_orc_accident_3, layout_caves, mines3_lemuel
Orc:2:    st_orc_rangers, layout_caves, serial_shops, nicolae_shop_behind_doors,
          elves_outpost_lemuel, uniq_urug

Skill      XL: |  1  2  3  4  5  6  7  8  9 10 11 |
---------------+----------------------------------+-----
Fighting       | 1 2 3 4 5 7 9 10 | 10.7
Dodging        | 3 4 5 6 8 10 11 | 11.9
Spellcasting   | 3 4 5 6 7 8 |  8.7
Stealth        | |  1.5

Action                     |  1- 3 |  4- 6 |  7- 9 | 10-12 || total
---------------------------+-------+-------+-------+-------++-------
  Melee: Dagger            |     1 |     1 |       |       ||     2
         Rapier            |       |    13 |    14 |     4 ||    31
         Punch             |       |       |     1 |       ||     1
   Cast: Foxfire           |    53 |    36 |    45 |   101 ||   235
         Scorch            |       |    56 |   151 |   289 ||   496
         Freeze            |       |       |     3 |       ||     3
         Summon Guardian G |       |       |     2 |     8 ||    10
         Volatile Blastmot |       |       |     2 |     3 ||     5
         Flame Wave        |       |       |       |     4 ||     4
         Animate Dead      |       |       |       |     3 ||     3
         Blink             |       |       |       |     2 ||     2
 Invoke: Draw Destruction  |       |       |     1 |     5 ||     6
         Draw Summoning    |       |       |     1 |       ||     1
         Draw Escape       |       |       |       |     7 ||     7
    Use: Scroll            |       |     5 |     2 |    10 ||    17
         Potion            |       |       |     2 |     5 ||     7
   Stab: Sleeping          |     1 |     1 |     1 |       ||     3
 Armour: Robe              |     3 |    14 |    18 |    49 ||    84
  Dodge: Dodged            |    16 |    45 |    87 |   199 ||   347
